 Seeded DCSS version 0.32-a0-599-gba8f9cf90e (webtiles) character file.

Game seed: 7220356206648857820 (custom seed)

237 valliere the Slasher (level 5, -2/42 HPs)
             Began as a Demonspawn Monk on Mar 3, 2024.
             Slain by a +1 spectral club (5 damage)
             ... created by Ijyb
             ... on level 3 of the Dungeon.
             The game lasted 00:02:01 (1290 turns).

valliere the Slasher (Demonspawn Monk)              Turns: 1290, Time: 00:02:01

Health: -2/42      AC:  6    Str: 12    XL:     5   Next: 77%
Magic:  6/6        EV: 13    Int: 10    God:
Gold:   160        SH:  6    Dex: 17    Spells: 4/4 levels left

rFire   . . .        a - +0 falchion
rCold   . . .        q - +2 buckler
rNeg    . . .        b - +0 robe
rPois   .            (helmet restricted)
rElec   .            (no cloak)
rCorr   .            (no gloves)
SInv    .            (no boots)
Will    .....        p - amulet of faith
Stlth   ++           h - +4 ring of protection
HPRegen 0.27/turn    (no ring)
MPRegen 0.20/turn

%: faith
@: no status effects
A: horns 1, powered by death 1, magic regeneration
a: no special abilities


You were on level 3 of the Dungeon.
You visited 1 branch of the dungeon, and saw 3 of its levels.

You collected 160 gold pieces.

Inventory:

Hand Weapons
 a - a +0 falchion (weapon)
Missiles
 f - a throwing net (quivered)
Armour
 b - a +0 robe (worn)
 d - an orb of light
 q - a +2 buckler (worn)
Jewellery
 h - a +4 ring of protection (left hand)
 p - an amulet of faith (around neck)
Scrolls
 g - 2 scrolls of identify {unknown}
 i - a scroll of butterflies {unknown}
 k - a scroll of revelation {unknown}
 l - a scroll of fear {unknown}
 m - a scroll of vulnerability {unknown}
 n - a scroll of fog {unknown}
Potions
 c - a potion of ambrosia
 e - a potion of haste {unknown}
 j - a potion of attraction {unknown}
 o - a potion of lignification {unknown}
 r - a potion of might {unknown}


   Skills:
 + Level 3.8 Fighting
 + Level 1.8(3.2) Short Blades
 * Level 4.1(4.3) Long Blades
 + Level 3.4 Dodging
 + Level 0.0 Shields
 + Level 2.5 Invocations


You had 4 spell levels left.
You didn't know any spells.
Your spell library was empty.

Dungeon Overview and Level Annotations

Branches:
Dungeon (3/15)

Altars:

Annotations:
D:3 Ijyb


Innate Abilities, Weirdness & Mutations

You have a pair of small horns on your head.
You regenerate a little health from kills.
You regenerate magic rapidly.


Message History

Ijyb barely misses you.
The +1 spectral club closely misses you.
A +1 spectral club comes into view.
You hit Ijyb but do no damage. Ijyb barely misses you.
The +1 spectral club closely misses you.
You hit Ijyb but do no damage. Your headbutt misses Ijyb.
Ijyb hits you with a +1 spectral club. The +1 spectral club hits you.
You hit Ijyb.
Ijyb is lightly wounded.
Ijyb hits you but does no damage.
You block the +1 spectral club's attack.
You hit Ijyb but do no damage. Your headbutt misses Ijyb.
Ijyb is lightly wounded.
Ijyb hits you with a +1 spectral club. The +1 spectral club hits you.
You closely miss Ijyb. You headbutt Ijyb, but do no damage.
Ijyb is lightly wounded.
Ijyb zaps a wand.
The puff of flame hits you.
You hit Ijyb but do no damage. You headbutt Ijyb, but do no damage.
Ijyb is lightly wounded.
Ijyb zaps a wand.
The puff of flame hits you. You block Ijyb's attack.
You block the +1 spectral club's attack.
A +1 spectral club comes into view.
You hit Ijyb but do no damage. You headbutt Ijyb.
Ijyb is moderately wounded.
Ijyb completely misses you.
The +1 spectral club closely misses you.
You closely miss Ijyb. Your headbutt misses Ijyb.
Ijyb is moderately wounded.
Ijyb hits you with a +1 spectral club. The +1 spectral club hits you.
You hit Ijyb. Your headbutt misses Ijyb.
Ijyb is moderately wounded.
Ijyb hits you with a +1 spectral club.
* * * LOW HITPOINT WARNING * * *
The +1 spectral club hits you but does no damage.
You hit Ijyb. Your headbutt misses Ijyb.
Ijyb is heavily wounded.
Ijyb hits you with a +1 spectral club.
* * * LOW HITPOINT WARNING * * *
The +1 spectral club hits you.
You die...

...# # #..# #.###..##
#.#..... ..<...##
#.#.....# #...(g.# #@#
#.# #.# #.# #.# #.#
###########.#####
#.....##........#
#.....#...#.###.########


You could see a +1 spectral club (wandering) and Ijyb.

Vanquished Creatures
  Sigmund (D:3)
  5 adders
  2 ribbon worms (D:2)
  2 ball pythons (D:2)
  3 endoplasms
  3 giant cockroaches
  A hobgoblin (D:2)
  3 bats
  2 frilled lizards (D:2)
  5 goblins
  3 kobolds (D:2)
  3 rats
33 creatures vanquished.

Notes
Turn   | Place    | Note
-------+----------+-------------------------------------------
     0 | D:1      | valliere the Demonspawn Monk began the quest for the Orb.
     0 | D:1      | Reached XP level 1. HP: 18/18 MP: 1/1
   392 | D:2      | Reached skill level 3 in Long Blades
   392 | D:2      | Gained mutation: You regenerate a little health from kills.
                  | [demonic ancestry]
   392 | D:2      | Reached XP level 2. HP: 24/24 MP: 2/2
   415 | D:2      | Reached skill level 1 in Invocations
   444 | D:2      | Gained mutation: You have a pair of small horns on your
                  | head. [demonic ancestry]
   444 | D:2      | Reached XP level 3. HP: 29/29 MP: 3/3
   522 | D:2      | Noticed a glass eye
   525 | D:2      | Found a faded altar of an unknown god.
   526 | D:2      | Noticed a glass eye
   526 | D:2      | Noticed an eye of devastation
   526 | D:2      | Noticed an eye of devastation
   685 | D:2      | Reached skill level 1 in Short Blades
   949 | D:3      | Noticed Sigmund
   962 | D:3      | Killed Sigmund
   963 | D:3      | Reached skill level 4 in Long Blades
   963 | D:3      | Reached XP level 4. HP: 21/37 MP: 5/5
   963 | D:3      | Gained mutation: You regenerate magic rapidly. [demonic
                  | ancestry]
   963 | D:3      | Reached XP level 5. HP: 24/42 MP: 6/6
  1274 | D:3      | Noticed Ijyb
  1290 | D:3      | Slain by a +1 spectral club

Illustrated notes

Levels and vault maps discovered:
D:1:      giann_bridges, layout_rooms
D:2:      layout_basic, hellmonk_ecumenical_altar_watching_god,
          wander_ebering_terrifying_dragon_lair
D:3:      layout_loops_corners, uniq_ijyb, uniq_sigmund,
          uniq_crazy_yiuf_cottage, uniq_terence

Skill      XL: |  1  2  3 |
---------------+----------+-----
Long Blades    | 3 4 |  4.1
Invocations    | 1 2 |  2.5
Dodging        | 3 |  3.4
Short Blades   | 1 |  1.8
Fighting       | |  3.8

Action                     |  1- 3 |  4- 6 || total
---------------------------+-------+-------++-------
  Melee: Falchion          |    79 |    19 ||    98
         Headbutt          |    12 |     7 ||    19
 Armour: Robe              |    35 |    18 ||    53
  Dodge: Dodged            |    46 |    13 ||    59
  Block: Buckler           |       |     3 ||     3

Table legend: (Time is in decaauts)
 A = Elapsed time spent in this place.
 B = Non-inter-level travel time spent in this place.
 C = Inter-level travel time spent in this place.
 D = Time resting spent in this place.
 E = Time spent auto-exploring this place.
 F = Levels seen in this place.
 G = Mean time per level.
                   A        B        C        D        E       F      G
               +--------+--------+--------+--------+--------+-----+--------+
         Total |   1303 |   1295 |      8 |      0 |   1028 |   3 |  434.3 |
       Dungeon |   1303 |   1295 |      8 |      0 |   1028 |   3 |  434.3 |
               +--------+--------+--------+--------+--------+-----+--------+

Top non-repeatable levels by time:
     D:2: 550 daAuts
     D:1: 381 daAuts
     D:3: 372 daAuts
